Map: Terrasses de Prion

Players

TwixArmy - Winner!

  • Race: Zerg Zerg
  • Spawn Location: 11:00

zidar

  • Race: Zerg Zerg
  • League: Silver
  • Spawn Location: 5:00

VOD

Have the link to the VOD?

Description

Time

  • Played on: Jan. 23, 2016, 2:49 p.m.
  • Length: 14:33
Show
View Real Time Build Order
Export as new Build Order

TwixArmy Zerg - Winner!

Build Orders: Hatch First, Zergling Baneling 

Get SALT Encoding   

  12  0:01  Drone  
  13  0:12  Overlord  
  13  0:17  Drone  
  14  0:30  Drone x2  
  16  0:36  Drone  
  17  0:54  Hatchery  
  17  0:55  Drone  
  17  0:59  Drone  
  17  1:02  Extractor  
  17  1:16  Spawning Pool  
  16  1:18  Drone  
  16  1:21  Drone  
  18  1:28  Drone  
  19  1:40  Overlord  
  19  2:04  Metabolic Boost  
  19  2:06  Queen x2  
  23  2:09  Zergling x4  
  23  2:11  Zergling x2  
  26  2:23  Drone  
  26  2:28  Extractor  
  27  2:37  Drone x4  
  30  2:44  Baneling Nest  
  30  2:47  Overlord  
  29  3:22  Zergling x2  
  29  3:23  Zergling x14  
  29  3:24  Zergling x8  
  41  3:37  Drone x2  
  41  3:39  Baneling  
  41  3:40  Baneling x4  
  43  3:51  Overlord x2  
  38  4:15  Zergling x2  
  38  4:16  Zergling x12  
  43  4:25  Baneling x2  
  43  4:26  Baneling x3  
  42  4:37  Zergling x4  
  42  4:38  Zergling x10  
  45  4:45  Baneling x2  
  43  4:58  Zergling x2  
  43  4:59  Zergling x8  
  47  5:13  Zergling x10  
  43  5:28  Zergling x10  
  43  5:37  Baneling x4  
  43  5:49  Zergling x4  
  46  5:50  Zergling x6  
  46  5:59  Zergling x4  
  46  6:00  Zergling x12  
  45  6:11  Zergling x4  
  43  6:31  Baneling x2  
  43  6:32  Baneling x7  
  43  6:33  Baneling x7  
  43  6:37  Lair  
  43  6:42  Zergling x2  
  43  6:43  Zergling x6  
  36  7:19  Zergling x2  
  36  7:20  Zergling x14  
  36  7:21  Zergling x8  
  40  7:33  Roach Warren  
  40  7:37  Zergling x8  
  40  7:43  Centrifical Hooks  
  43  7:50  Zergling x4  
  33  8:21  Roach x2  
  33  8:22  Roach x4  
  45  8:34  Baneling x2  
  45  8:35  Baneling x6  
  45  8:52  Zergling x10  
  45  8:53  Zergling x4  
  52  9:17  Hatchery  
  52  9:19  Roach x2  
  47  9:40  Roach x4  
  45  9:50  Extractor  
  45  9:51  Extractor  
  38  9:58  Roach x2  
  38  9:59  Roach x2  
  46  10:08  Ravager x3  
  49  10:23  Roach x2  
  49  10:24  Roach x2  
  52  10:39  Zergling x8  
  52  10:40  Zergling x2  
  37  10:50  Roach x2  
  39  11:04  Drone x4  
  38  11:15  Queen  
  40  11:30  Drone x2  
  40  11:31  Drone  
  41  12:01  Roach x6  
  49  12:02  Roach x4  
  61  12:12  Drone x3  
  61  12:14  Overlord  
  64  12:24  Glial Reconstitution  
  64  12:41  Roach x4  
  64  12:42  Roach  
  74  12:45  Overlord x3  
  52  13:07  Roach  
  52  13:08  Roach x7  
  66  13:23  Roach x4  
  72  13:49  Extractor x2  
  72  13:50  Zergling x8  
  72  13:51  Zergling x14  
  72  13:52  Zergling x12  
  87  14:06  Drone  
  87  14:07  Drone x2  
  87  14:08  Drone x3  
  93  14:10  Drone  
  93  14:11  Drone  
Show
View Real Time Build Order
Export as new Build Order

zidar Zerg 

Build Orders: Pool First 

Get SALT Encoding   

  12  0:01  Drone  
  13  0:12  Overlord  
  13  0:17  Drone  
  14  0:30  Drone x2  
  16  0:45  Spawning Pool  
  16  0:46  Drone  
  16  0:53  Drone  
  17  1:13  Hatchery  
  17  1:17  Extractor  
  17  1:18  Drone  
  16  1:24  Drone  
  17  1:31  Drone  
  18  1:37  Spine Crawler  
  17  1:54  Queen  
  17  1:58  Drone x2  
  21  2:03  Overlord  
  21  2:16  Metabolic Boost  
  21  2:25  Roach Warren  
  21  2:28  Zergling x2  
  20  2:37  Queen  
  22  2:50  Extractor  
  21  2:53  Drone x3  
  24  3:18  Roach  
  24  3:19  Roach x3  
  32  3:25  Overlord  
  32  3:51  Roach x2  
  36  3:57  Overlord x2  
  36  4:09  Roach x2  
  30  4:24  Roach x2  
  26  4:28  Zergling x4  
  26  4:41  Zergling x2  
  26  4:56  Roach x3  
  29  5:15  Roach  
  29  5:16  Roach x2  
  29  5:41  Roach  
  29  5:42  Roach x2  
  27  6:22  Roach  
  27  6:23  Roach x2  
  33  6:32  Queen  
  35  6:40  Ravager  
  35  6:42  Ravager  
  37  6:48  Roach  
  37  6:49  Roach  
  29  7:33  Roach x3  
  35  7:38  Spawning Pool  
  34  7:45  Roach  
  34  8:45  Roach x5  
  34  8:46  Roach  
  46  8:50  Hatchery  
  45  9:17  Overlord  
  45  9:18  Overlord  
  45  9:55  Roach Warren  
  44  10:25  Drone x7  
  33  10:56  Roach  
  37  10:57  Roach x5  
  33  11:18  Roach  
  33  11:19  Roach x2  
  37  11:41  Roach  
  37  11:42  Roach x2  
  42  12:07  Roach  
  42  12:08  Roach x2  
  48  12:11  Drone  
  43  13:07  Roach x7  
  43  13:11  Ravager  
  59  13:12  Ravager  
  59  13:21  Ravager  
  59  13:24  Ravager  
  61  13:30  Queen  
  61  13:51  Ravager  
  62  13:57  Ravager  
  63  14:04  Roach x2  
Tags
 
Add a new tag
Caveats
  • Supply blocks, unpowered buildings, or Contaminate may cause inaccurate times.
  • Supply counts are checked every 10 seconds.